 Dungeon Crawl Stone Soup version 0.29-a0-341-g24ffce5b50 (webtiles) character file.

Game seed: 9265206931496458400

587 zishaf the Grave Robber (level 7, 0/51 (62) HPs)
             Began as a Deep Dwarf Necromancer on Apr 20, 2022.
             Was an Initiate of Makhleb.
             Slain by a jelly (2 damage)
             ... on level 4 of the Dungeon.
             The game lasted 00:14:03 (6177 turns).

zishaf the Grave Robber (Deep Dwarf Necromancer)    Turns: 6177, Time: 00:14:04

HP:   0/51 (62)     AC: -10   Str: 13    XL:     7   Next: 15%
MP:   0/8           EV: 11    Int: 16    God:    Makhleb [......]
Gold: 335           SH:  0    Dex: 13    Spells: 6/10 levels left

rFire   . . .      SeeInvis .   a - +0 dagger (protect)
rCold   . . .      Faith    .   (no shield)
rNeg    . . .      Spirit   .   h - +0 ring mail of Space {+Inv rCorr}
rPois   .          Reflect  .   (no helmet)
rElec   .          Harm     .   (no cloak)
rCorr   +          Rampage  .   k - +0 pair of gloves
Will    +....                   (no boots)
Stlth   +.........              (no amulet)
HPRegen 0.00/turn               (no ring)
MPRegen 0.11/turn               (no ring)

@: corroded, heavily drained
A: damage resistance, heal wounds, sense surroundings 1, no regeneration
a: Heal Wounds, Renounce Religion, Evoke Invisibility


You were on level 4 of the Dungeon.
You worshipped Makhleb.
Makhleb was noncommittal.
You visited 2 branches of the dungeon, and saw 6 of its levels.

You collected 335 gold pieces.

Inventory:

Hand Weapons
 a - a +0 dagger of protection (weapon)
 b - a +0 hunting sling
 j - a +1 hand axe
Missiles
 d - 188 stones (quivered)
Armour
 e - a +0 leather armour
 g - a +0 robe
 h - the +0 ring mail of Space (worn) {+Inv rCorr}
   (You found it on level 4 of the Dungeon)

   +Inv:      It lets you turn invisible.
   rCorr:     It protects you from acid and corrosion.
 k - a +0 pair of gloves (worn)
Scrolls
 o - 2 scrolls of amnesia
Potions
 f - 3 potions of haste
 i - 2 potions of lignification
 l - a potion of mutation
 m - a potion of flight {unknown}
 n - a potion of heal wounds
 p - 3 potions of curing
 q - a potion of ambrosia {unknown}
 s - a potion of berserk rage {unknown}
 t - a potion of magic
 u - 3 potions of invisibility


   Skills:
 + Level 3.3 Fighting
 - Level 2.1 Dodging
 - Level 2.4 Stealth
 - Level 2.0 Spellcasting
 * Level 7.5 Necromancy
 + Level 2.8 Invocations
 + Level 2.7 Evocations


You had 6 spell levels left.
You knew the following spells:

 Your Spells              Type           Power      Damage    Failure   Level
a - Pain                  Necr           100%       1d9       1%          1
b - Vampiric Draining     Necr           25%        2d7       6%          3

Your spell library contained the following spells:

 Spells                   Type           Power      Damage    Failure   Level
 Animate Skeleton         Necr           50%        N/A       1%          1
 Animate Dead             Necr           12%        N/A       21%         4
 Summon Small Mammal      Summ           4%         N/A       41%         1
 Agony                    Necr           25%        N/A       50%         5
 Excruciating Wounds      Necr           12%        N/A       50%         5
 Call Canine Familiar     Summ           1%         N/A       80%         3
 Gell's Gravitas          Tloc           1%         N/A       80%         3
 Summon Guardian Golem    Hex/Summ       1%         N/A       80%         3
 Teleport Other           Tloc           1%         N/A       80%         3
 Dispersal                Tloc           0%         N/A       100%        6


Dungeon Overview and Level Annotations

Branches:
Dungeon (5/15)             Temple (1/1) D:4

Altars:
Dithmenos
Elyvilon
Fedhas
Gozag
Hepliaklqana
Makhleb
Qazlal
Ru
Sif Muna
Uskayaw
Xom
Yredelemnul

Annotations:
D:2 1 runed translucent door, Crazy Yiuf


Innate Abilities, Weirdness & Mutations

You are resistant to damage.
You can heal yourself by infusing magical energy.
You passively map a small area around you.
You do not regenerate.


Message History

You hit the jelly but do no damage.
Your weapon exudes an aura of protection.
Your hands burn!
The jelly is severely wounded.
The jelly barely misses you.
You hit the jelly but do no damage.
Your hands burn!
The jelly is severely wounded.
The jelly misses you.
You hit the jelly but do no damage.
Your hands burn!
The jelly is severely wounded.
The jelly closely misses you.
Casting: Pain (safe; 1% risk of failure)
Confirm with . or Enter, or press ? or * to list all spells.
Aiming: Pain (safe; 1% risk of failure)
Press: ? - help, Shift-Dir - straight line, f/p - jelly
Aim: a jelly (severely wounded, chance to affect: 88%)
The jelly writhes in agony.
The jelly hits you.
You are splashed with acid.
You resist.
* * * LOW HITPOINT WARNING * * *
You hit the jelly but do no damage. The acid corrodes you!
Your hands burn!
The jelly is almost dead.
The jelly hits you but does no damage.
You hit the jelly but do no damage.
Your hands burn!
* * * LOW HITPOINT WARNING * * *
The jelly is almost dead.
The jelly hits you. The acid corrodes you!
You are splashed with acid.
You resist.
* * * LOW HITPOINT WARNING * * *
The jelly attacks as you move away! The jelly hits you.
* * * LOW HITPOINT WARNING * * *
You are splashed with acid.
You resist.
* * * LOW HITPOINT WARNING * * *
You see here a +0 spear.
Casting: Pain (safe; 1% risk of failure)
Confirm with . or Enter, or press ? or * to list all spells.
Aiming: Pain (safe; 1% risk of failure)
Press: ? - help, Shift-Dir - straight line, f/p - jelly
Aim: a jelly (severely wounded, chance to affect: 88%)
The jelly writhes in agony.
The jelly hits you.
You die...

# ### # #.### ######..##
########################....#>.##
................@J...)....>.#..##
...################.####.#..#..##
...########### #.# #.........
.............# #.# #.#.##..#.
...#########.# #.# #.#.......
#### #.# #.# #.####<.#. #.# #.#
#.# #(.#. #.# #.# ##.####.... #.#
#.# #....##..#.


You could see a jelly.

Vanquished Creatures
  An ogre (D:5)
  2 scorpions
  A jelly (D:4)
  2 hounds
  An orc wizard (D:5)
  7 adders
  10 gnolls
  An ufetubus (D:3)
  2 worms (D:2)
  2 dart slugs
  12 orcs
  2 ball pythons
  5 bats
  5 endoplasms
  3 giant cockroaches
  9 goblins
  9 hobgoblins
  9 jackals
  A quokka (D:3)
  3 frilled lizards
  9 kobolds
  5 rats
101 creatures vanquished.

Vanquished Creatures (others)
  8 plants (D:3)
8 creatures vanquished.

Grand Total: 109 creatures vanquished

Notes
Turn   | Place    | Note
-------+----------+-------------------------------------------
     0 | D:1      | zishaf the Deep Dwarf Necromancer began the quest for the
                  | Orb.
     0 | D:1      | Reached XP level 1. HP: 15/15 MP: 3/3
   321 | D:1      | Found a faded altar of an unknown god.
   329 | D:1      | Reached XP level 2. HP: 24/24 MP: 0/4
  1039 | D:2      | Reached skill level 1 in Fighting
  1110 | D:2      | Reached skill level 5 in Necromancy
  1212 | D:2      | Reached XP level 3. HP: 28/31 MP: 0/6
  1286 | D:1      | Learned a level 3 spell: Vampiric Draining
  1531 | D:2      | Reached XP level 4. HP: 26/38 MP: 1/6
  1910 | D:2      | Found a runed translucent door.
  1911 | D:2      | Noticed Crazy Yiuf
  2395 | D:2      | HP: 1/39 [gnoll/+0 flail (3)]
  2409 | D:2      | Reached skill level 6 in Necromancy
  2603 | D:3      | Reached XP level 5. HP: 40/45 MP: 2/6
  3741 | D:4      | Found a staircase to the Ecumenical Temple.
  3753 | Temple   | Entered the Ecumenical Temple
  3807 | Temple   | Became a worshipper of Makhleb the Destroyer
  4071 | D:4      | Identified the +0 ring mail of Space {+Inv rCorr}
  4362 | D:4      | Reached skill level 1 in Invocations
  4362 | D:4      | Reached skill level 1 in Evocations
  4362 | D:4      | Reached XP level 6. HP: 28/55 MP: 0/7
  4795 | D:5      | Entered Level 5 of the Dungeon
  5148 | D:5      | Reached skill level 7 in Necromancy
  5712 | D:4      | Reached XP level 7. HP: 20/62 MP: 0/8
  6171 | D:4      | HP: 2/51 [acid (4)]
  6177 | D:4      | Slain by a jelly

Illustrated notes

Levels and vault maps discovered:
D:1:      lemuel_arrival_funnel, layout_loops_ring,
          hellmonk_ecumenical_altar_lost_god
D:2:      layout_loops_ring, kennysheep_generic_room_2, uniq_crazy_yiuf_cottage
D:3:      cheibrodos_old_hovel, layout_basic, minmay_misc_feat_secret_circle,
          minmay_bisected
D:4:      layout_basic, minmay_temple_entry_arrows
D:5:      layout_gridville, dreamdust_princess_bridge, minmay_between
Temple:   minmay_temple_bridge_abc

Skill      XL: |  1  2  3  4  5  6 |
---------------+-------------------+-----
Spellcasting   | 2 |  2.0
Fighting       | 1 2 3 |  3.3
Necromancy     | 5 6 7 |  7.5
Invocations    | 1 2 |  2.8
Evocations     | 1 2 |  2.7
Dodging        | |  2.1
Stealth        | |  2.4

Action                   |  1- 3 |  4- 6 |  7- 9 || total
-------------------------+-------+-------+-------++-------
Melee: Dagger            |     8 |   212 |    27 ||   247
       Punch             |       |     2 |       ||     2
 Fire: Hunting sling     |       |     2 |       ||     2
Throw: Stone             |       |     1 |       ||     1
 Cast: Pain              |    47 |    47 |     6 ||   100
       Vampiric Draining |     4 |    50 |     7 ||    61
 Abil: Heal Wounds       |     1 |     2 |       ||     3
       Evoke Invisibilit |       |       |     1 ||     1
  Use: Scroll            |       |    10 |     3 ||    13
       Potion            |       |     2 |       ||     2
 Stab: Sleeping          |       |     1 |       ||     1
Armor: Leather armour    |     7 |    47 |       ||    54
       Ring mail         |       |    41 |    32 ||    73
Dodge: Dodged            |    29 |   146 |    40 ||   215

Table legend: (Time is in decaauts)
 A = Elapsed time spent in this place.
 B = Non-inter-level travel time spent in this place.
 C = Inter-level travel time spent in this place.
 D = Time resting spent in this place.
 E = Time spent auto-exploring this place.
 F = Levels seen in this place.
 G = Mean time per level.
                   A        B        C        D        E       F      G
               +--------+--------+--------+--------+--------+-----+--------+
         Total |   6185 |   5924 |    261 |    804 |   3657 |   6 | 1030.8 |
       Dungeon |   5954 |   5730 |    224 |    804 |   3480 |   5 | 1190.8 |
        Temple |    230 |    193 |     37 |      0 |    177 |   1 |  230.0 |
               +--------+--------+--------+--------+--------+-----+--------+

Top non-repeatable levels by time:
     D:2: 1369 daAuts
     D:3: 1273 daAuts
     D:4: 1194 daAuts
     D:1: 1089 daAuts
     D:5: 1027 daAuts
  Temple: 230 daAuts
